 Dungeon Crawl Stone Soup version 0.31-a0-771-g505c3d19dc (webtiles) character file.

Game seed: 13354151712276149251

182 cforsyth the Trooper (level 5, -3/42 HPs)
             Began as a Djinni Delver on Sept 16, 2023.
             Slain by an ogre
             ... wielding a +0 giant spiked club
              (32 damage)
             ... on level 5 of the Dungeon.
             The game lasted 00:02:25 (1251 turns).

cforsyth the Trooper (Djinni Delver)                Turns: 1251, Time: 00:02:26

Health: -3/42      AC:  4    Str: 11    XL:     5   Next: 93%
Gold:   43         EV: 12    Int: 14    God:
                   SH:  0    Dex: 14

rFire   + + .        a - +0 falchion
rCold   x . .        (no shield)
rNeg    . . .        b - +0 leather armour
rPois   ∞            (no helmet)
rElec   .            n - +0 cloak
rCorr   .            (no gloves)
SInv    .            (boots unavailable)
Will    .....        (no amulet)
Stlth   ++           (no ring)
HPRegen 0.27/turn    (no ring)
MPRegen 0.00/turn

%: infuse magic (-4 HP)
@: flying
A: sickness immunity, fire resistance 2, cold vulnerability 1, float, innate
caster, HP casting, extra vitality 1
a: no special abilities


You were on level 5 of the Dungeon.
You visited 1 branch of the dungeon, and saw 2 of its levels.

You collected 43 gold pieces.

Inventory:

Hand Weapons
 a - a +0 falchion (weapon)
Armour
 b - a +0 leather armour (worn)
 n - a +0 cloak (worn)
Jewellery
 l - a ring of fire
Wands
 g - a wand of digging (3)
 m - a wand of charming (8)
 o - a wand of acid (10)
Scrolls
 c - a scroll of fog
 d - a scroll of revelation
 e - 2 scrolls of fear
 h - 2 scrolls of identify {unknown}
 j - a scroll of brand weapon {unknown}
 k - a scroll of amnesia {unknown}
Potions
 f - a potion of haste
 i - a potion of invisibility {unknown}


   Skills:
 + Level 4.7 Fighting
 - Level 1.7 Long Blades
 - Level 2.1 Dodging
 - Level 4.1 Stealth
 + Level 2.5 Spellcasting
 + Level 2.5 Conjurations
 + Level 2.5 Hexes
   Level 0.0 Charms
 + Level 2.5 Summonings
 + Level 2.5 Necromancy
 + Level 2.5 Translocations
 + Level 2.5 Transmutations
 + Level 2.5 Fire Magic
 + Level 2.5 Ice Magic
 + Level 2.5 Air Magic
 + Level 2.5 Earth Magic
 + Level 2.5 Poison Magic


You knew the following spells:

 Your Spells              Type           Power      Damage    Failure   Level
a - Foxfire               Conj/Fire      32%        2x1d5     11%         1
b - Wereblood             Tmut           8%         N/A       16%         2
Your spell library was empty.

Dungeon Overview and Level Annotations

Branches:
Dungeon (5/15)
 Temple: D:4-7

Altars:
Fedhas

Shops:
D:4 *(

Annotations:
D:5 Blork the orc, Edmund


Innate Abilities, Weirdness & Mutations

You are immune to sickness and miasma.
You are immune to poison.
Your flesh is very heat resistant. (rF++)
You are vulnerable to cold. (rC-)
You float through the air rather than walking.
You learn spells naturally, not from books.
Your magical power is your life essence.
You have superior vitality. (+4 MHP)


Message History

You barely miss the jelly.
The jelly is severely wounded.
The jelly hits you but does no damage.
You hit the jelly.
Your hands burn!
The jelly is severely wounded.
The jelly barely misses you. x2
You hit the jelly.
You kill the jelly!
You start resting.
HP restored.
You start waiting.
Done waiting.
There is a stone staircase leading down here.
Okay, then.
You fly downwards.
Level annotation: Blork the orc, Edmund
There is a stone staircase leading up here.
Aiming: Corrosive Bolt
Press: ? - help, Shift-Dir - straight line, f - ogre
Aim: an ogre, wielding a +0 giant spiked club (86% to hit)
The bolt of acid hits the ogre!
The acid corrodes the ogre!
The ogre is heavily wounded.
You conjure some foxfire!
The ogre barely misses you.
You hit the ogre.
The ogre is heavily wounded.
The foxfire hits the ogre.
The ogre is heavily wounded.
The foxfire hits the ogre.
The ogre is heavily wounded.
The ogre closely misses you.
You hit the ogre.
The ogre is heavily wounded.
The ogre hits you with a +0 giant spiked club!
You hit the ogre.
The ogre is heavily wounded.
You slash the ogre!
The ogre is almost dead.
The ogre hits you with a +0 giant spiked club!!
Ouch! That really hurt!
You die...

.......[.# ...# ..
.<.......# ### ...##..
.........# #.. .......
.........# #.. .....$.
........## #.. .....
..##....## #.. ...#
####....#...##..##...#
...#....#............#
####....+.......@....+
....#######O###..#
....# #.. ..# ....#
#.. ... #.. .... #..
.... #.. .... ###


You could see an ogre (corroded).

Vanquished Creatures
  A black bear (D:4)
  A hound (D:5)
  A jelly (D:4)
  An iguana (D:4)
  An orc (D:4)
  A goblin (D:4)
  A hobgoblin (D:4)
  2 kobolds (D:4)
9 creatures vanquished.

Vanquished Creatures (others)
  77 foxfires
77 creatures vanquished.

Grand Total: 86 creatures vanquished

Notes
Turn   | Place    | Note
-------+----------+-------------------------------------------
     0 | D:5      | cforsyth the Djinni Delver began the quest for the Orb.
     0 | D:5      | Reached XP level 1. HP: 20/20 MP: 0/0
    16 | D:5      | Noticed a hound
    27 | D:5      | Killed a hound
    28 | D:5      | Reached skill level 1 in Spellcasting
    28 | D:5      | Reached skill level 1 in Conjurations
    28 | D:5      | Reached skill level 1 in Hexes
    28 | D:5      | Reached skill level 1 in Summonings
    28 | D:5      | Reached skill level 1 in Necromancy
    28 | D:5      | Reached skill level 1 in Translocations
    28 | D:5      | Reached skill level 1 in Transmutations
    28 | D:5      | Reached skill level 1 in Fire Magic
    28 | D:5      | Reached skill level 1 in Ice Magic
    28 | D:5      | Reached skill level 1 in Air Magic
    28 | D:5      | Reached skill level 1 in Earth Magic
    28 | D:5      | Reached skill level 1 in Poison Magic
    28 | D:5      | Reached XP level 2. HP: 17/25 MP: 0/0
    28 | D:5      | Reached XP level 3. HP: 20/30 MP: 0/0
    28 | D:5      | Learned a level 1 spell: Foxfire
    80 | D:5      | Noticed Edmund
    88 | D:5      | Noticed an ice beast
   222 | D:4      | Found Zutuv's CLEARANCE SALE!.
   426 | D:4      | Found Fubriol's Antique Weapon Shop.
   499 | D:4      | Reached XP level 4. HP: 21/37 MP: 0/0
   601 | D:4      | Found a blossoming altar of Fedhas.
   844 | D:5      | Noticed an ogre
   893 | D:5      | Noticed Blork the orc
   893 | D:5      | Noticed a black bear
   906 | D:4      | Killed a black bear
   907 | D:4      | Reached XP level 5. HP: 3/42 MP: 0/0
   907 | D:4      | Learned a level 2 spell: Wereblood
  1251 | D:5      | Slain by an ogre

Illustrated notes

Levels and vault maps discovered:
D:4:      layout_loops_ring, mainiacjoe_overflow_alcove_1,
          fedhas_ov_isle_minmay, serial_shops, shop, nicolae_shop_clearance
D:5:      minmay_diamond_boxcup, layout_gridville, serial_shops,
          nicolae_shop_statue_plus, uniq_edmund, uniq_blork_the_orc

Skill      XL: |  1  2  3  4 |
---------------+-------------+-----
Spellcasting   | 1 2 |  2.5
Conjurations   | 1 2 |  2.5
Hexes          | 1 2 |  2.5
Summonings     | 1 2 |  2.5
Necromancy     | 1 2 |  2.5
Translocations | 1 2 |  2.5
Transmutations | 1 2 |  2.5
Fire Magic     | 1 2 |  2.5
Ice Magic      | 1 2 |  2.5
Air Magic      | 1 2 |  2.5
Earth Magic    | 1 2 |  2.5
Poison Magic   | 1 2 |  2.5
Fighting       | 4 |  4.7
Long Blades    | |  1.7
Dodging        | |  2.1
Stealth        | |  4.1

Action                     |  1- 3 |  4- 6 || total
---------------------------+-------+-------++-------
  Melee: Falchion          |     9 |    12 ||    21
   Cast: Foxfire           |    18 |    25 ||    43
  Evoke: Wand              |       |     1 ||     1
   Stab: Sleeping          |     1 |       ||     1
 Armour: Leather armour    |     3 |    22 ||    25
  Dodge: Dodged            |     7 |    16 ||    23

Table legend: (Time is in decaauts)
 A = Elapsed time spent in this place.
 B = Non-inter-level travel time spent in this place.
 C = Inter-level travel time spent in this place.
 D = Time resting spent in this place.
 E = Time spent auto-exploring this place.
 F = Levels seen in this place.
 G = Mean time per level.
                   A        B        C        D        E       F      G
               +--------+--------+--------+--------+--------+-----+--------+
         Total |   1259 |   1206 |     53 |    305 |    682 |   2 |  629.5 |
       Dungeon |   1259 |   1206 |     53 |    305 |    682 |   2 |  629.5 |
               +--------+--------+--------+--------+--------+-----+--------+

Top non-repeatable levels by time:
     D:4: 1142 daAuts
     D:5: 116 daAuts
